Rangers vs Panthers
(R1)
Created - December 20, 2021 at 19:05
Goals
|
| Rangers |
2 |
1 |
2 |
0 |
2 |
6 |
| Panthers |
1 |
3 |
1 |
0 |
1 |
5 |
|
Shots
|
| Rangers |
14 |
11 |
12 |
1 |
6 |
38 |
| Panthers |
14 |
13 |
5 |
1 |
6 |
33 |
|
1st period
1. Rangers , Patrice Bergeron 6 (Chris Bourque 8, Frederik Andersen) at 2:07 (PP)
2. Panthers , Sean Bergenheim 2 (Ryan Nugent-Hopkins 6) at 8:19
3. Rangers , Artem Anisimov 1 (Richard Panik 2, Jonas Brodin 1) at 16:46
Penalties :
Jakob Silfverberg (Flo) for Hooking (Minor) at 0:22, Sean Couturier (NyR) for Roughing (Minor) at 3:34, Patrice Bergeron (NyR) for Roughing (Minor) at 6:04, Erik Gudbranson (Flo) for Tripping (Minor) at 11:00
2nd period
4. Rangers , Sean Couturier 6 (Milan Lucic 8, Luke Schenn 5) at 0:12
5. Panthers , Erik Gudbranson 1 (Alex Galchenyuk 6, Matt Duchene 11) at 0:43
6. Panthers , Matt Duchene 6 (David Pastrnak 7, Alex Galchenyuk 7) at 3:53
7. Panthers , Jakob Silfverberg 5 (Ryan Nugent-Hopkins 7) at 10:24
Penalties :
Matt Delahey (NyR) for Diving (Minor) at 13:41, Daultan Leveillé (Flo) for Hooking (Minor) at 16:19
3rd period
8. Rangers , Magnus Paajarvi 2 (Artem Anisimov 1, Devante Smith-Pelly 3) at 4:48
9. Rangers , Patrice Bergeron 7 (Chris Bourque 9, Luke Schenn 6) at 6:30
10. Panthers , Matt Duchene 7 (David Pastrnak 8, Alex Galchenyuk 8) at 19:28
Penalties :
Danny DeKeiser (Flo) for Hooking (Minor) at 1:57, Milan Lucic (NyR) for Boarding (Minor) at 7:33, Milan Lucic (NyR) for Hooking (Minor) at 9:35, Ryan Nugent-Hopkins (Flo) for Holding (Minor) at 14:00, Devante Smith-Pelly (NyR) for Interference (Minor) at 19:31
Overtime #1
No Goal
Penalties :
No Penalty
Shootout
Rangers, Milan Lucic - Goal!
Panthers, Alex Galchenyuk - Shot Misses the Net
Rangers, Sean Couturier - Stopped by Petr Mrazek
Panthers, Jakob Silfverberg - Shot Misses the Net
Rangers, Patrice Bergeron - Shot Misses the Net
Panthers, David Pastrnak - Goal!
Rangers, Tomas Hertl - Stopped by Petr Mrazek
Panthers, Drew Stafford - Shot Misses the Net
Rangers, Ryan Strome - Stopped by Petr Mrazek
Panthers, Matt Duchene - Stopped by Frederik Andersen
Rangers, Steve Quailer - Goal!
Panthers, Dany Heatley - Stopped by Frederik Andersen
Penalties :
No Penalty
Goalie Stats
Frederik Andersen (NyR), 28 saves from 33 shots - (0.848), W, 3-1-0, 65:00 minutes
Petr Mrazek (Flo), 33 saves from 38 shots - (0.868), OTL, 4-1-1, 64:32 minutes
Players Stats for Rangers
Player Name G A P +/- PIM S H SB GA TA FO MP PP MP PK MP
------------------------------------------------------------------------------------
Artem Anisimov 1 1 2 2 0 3 0 0 1 0 0/2 7:50 0:00 2:02
Chris Bourque 0 2 2 1 0 3 2 1 1 1 0/0 18:44 5:05 2:04
Devante Smith-Pelly 0 1 1 -1 2 0 2 0 0 0 0/0 10:36 0:00 0:00
Dmitry Kulikov 0 0 0 -1 0 1 1 3 0 1 0/0 33:00 6:02 7:42
Jonas Brodin 0 1 1 1 0 1 1 0 0 1 0/0 10:14 0:00 0:19
Luke Schenn 0 2 2 -1 0 2 1 3 1 0 0/0 33:00 6:02 7:42
Magnus Paajarvi 1 0 1 2 0 2 0 0 0 0 0/0 5:35 0:00 0:00
Matt Delahey 0 0 0 -1 2 0 1 1 0 1 0/0 22:01 3:39 3:53
Milan Lucic 0 1 1 -3 4 4 1 1 1 0 8/14 24:29 4:36 5:16
Morgan Ellis 0 0 0 1 0 0 0 0 0 0 0/0 9:39 0:00 0:00
Patrice Bergeron 2 0 2 1 2 5 0 0 0 4 11/15 18:40 5:05 1:18
Patrik Nemeth 0 0 0 -1 0 3 1 1 0 0 0/0 22:21 3:39 4:12
Richard Panik 0 1 1 2 0 0 0 0 0 0 0/0 6:28 0:00 0:00
Ryan Strome 0 0 0 -3 0 2 0 0 0 0 0/1 17:36 4:36 0:00
Sean Couturier 1 0 1 -3 2 3 3 0 0 0 16/31 24:45 4:36 5:26
Steve Quailer 0 0 0 1 0 2 2 0 0 2 0/1 16:27 5:05 0:00
T.J Galiardi 0 0 0 -1 0 3 0 0 0 0 1/3 14:11 0:00 3:59
Tomas Hertl 0 0 0 -1 0 4 1 1 0 1 5/7 12:24 0:00 2:12
Players Stats for Panthers
Player Name G A P +/- PIM S H SB GA TA FO MP PP MP PK MP
------------------------------------------------------------------------------------
Alex Galchenyuk 0 3 3 2 0 4 0 1 1 0 0/1 22:55 5:46 1:19
Danny DeKeiser 0 0 0 2 2 0 1 3 1 0 0/0 29:49 6:38 4:26
Dany Heatley 0 0 0 -1 0 0 0 0 0 0 0/0 8:02 0:00 0:00
Daultan Leveillé 0 0 0 -1 2 0 1 1 0 1 2/3 9:21 0:00 2:34
David Pastrnak 0 2 2 2 0 3 2 0 0 1 0/2 19:42 5:46 0:00
Drew Stafford 0 0 0 -1 0 2 1 0 0 0 0/1 8:38 0:00 0:00
Erik Gudbranson 1 0 1 3 2 3 0 1 1 0 0/0 28:24 6:38 4:07
Jakob Silfverberg 1 0 1 1 2 1 0 0 2 0 1/1 17:15 4:37 0:00
Jonathan Sigalet 0 0 0 0 0 0 0 0 2 0 0/0 12:26 0:00 1:08
Ladislav Smid 0 0 0 -2 0 1 0 0 0 0 0/0 25:21 3:45 4:30
Luke Glendening 0 0 0 -1 0 0 0 0 1 1 0/0 11:50 0:00 5:19
Matt Duchene 2 1 3 2 0 5 0 0 1 0 15/37 23:06 5:46 1:29
Max Reinhart 0 0 0 -1 0 4 2 1 0 1 7/15 13:58 0:00 5:19
Ryan Nugent-Hopkins 0 2 2 1 2 4 2 0 0 0 8/13 16:53 4:37 0:19
Ryan Suter 0 0 0 0 0 0 1 0 0 0 0/0 9:28 0:00 0:00
Sean Bergenheim 1 0 1 1 0 4 4 0 0 0 0/1 18:57 4:37 3:03
Taylor Chorney 0 0 0 -1 0 1 4 1 2 0 0/0 25:31 3:45 5:11
Tobias Rieder 0 0 0 -1 0 1 1 0 0 0 0/0 8:38 0:00 0:00
3 Stars
1 - Matt Duchene (Flo)
2 - Artem Anisimov (NyR)
3 - Patrice Bergeron (NyR)
Power Play
Rangers - 1 on 5 Attempt(s) - 20.00%
Panthers - 0 on 6 Attempt(s) - 0.00%
Penalty Kill
Rangers - 6 on 6 Attempt(s) - 100.00%
- Score 0 goal in Penalty Kill
Panthers - 4 on 5 Attempt(s) - 80.00%
- Score 0 goal in Penalty Kill
Team Stat
Rangers - Hits : 16 - Faceoff Wins : 41 - Blocked Shots : 11 - Penalty Minutes : 12
Panthers - Hits : 19 - Faceoff Wins : 33 - Blocked Shots : 8 - Penalty Minutes : 10
Official
Referees : Eric Furlatt and Ghislain Hebert
Linesman : Jesse Marquis and Jonny Murray
Game Notes
No Game Note
Finance
Level 1 -- Attendance: 6000 (100.00%) -- Ticket Income $600,000
Level 2 -- Attendance: 4843 (96.86%) -- Ticket Income $290,580
Level 3 -- Attendance: 1891 (94.55%) -- Ticket Income $66,185
Level 4 -- Attendance: 4000 (100.00%) -- Ticket Income $100,000
Luxury Box -- Attendance: 924 (92.40%) -- Ticket Income $184,800
Game was played at the BBT Center.
Total Attendance: 17658 (98.10%)
Total Ticket Income: $1,241,565
Other Income: $186,235
Total Income: $1,427,800
Rangers
5 vs 5 Forward
Center Left Wing Right Wing Time % Phy DF OF
1 Sean Couturier Milan Lucic Ryan Strome 40 1 2 2
2 Patrice Bergeron Chris Bourque Steve Quailer 30 1 2 2
3 Tomas Hertl T.J Galiardi Devante Smith-Pelly 20 1 2 2
4 Artem Anisimov Magnus Paajarvi Richard Panik 10 1 2 2
5 vs 5 Defense
Defense Defense Time % Phy DF OF
1 Luke Schenn Dmitry Kulikov 40 1 2 2
2 Patrik Nemeth Matt Delahey 30 1 2 2
3 Morgan Ellis Jonas Brodin 20 1 2 2
4 Luke Schenn Dmitry Kulikov 10 1 2 2
PowerPlay Forward
Center Left Wing Right Wing Time % Phy DF OF
1 Sean Couturier Milan Lucic Ryan Strome 60 1 2 2
2 Patrice Bergeron Chris Bourque Steve Quailer 40 1 2 2
PowerPlay Defense
Defense Defense Time % Phy DF OF
1 Luke Schenn Dmitry Kulikov 60 1 2 2
2 Patrik Nemeth Matt Delahey 40 1 2 2
Penalty Kill 4 Players Forward
Center Wing Time % Phy DF OF
1 Milan Lucic Sean Couturier 60 1 2 2
2 Patrice Bergeron Tomas Hertl 40 1 2 2
Penalty Kill 4 Players Defense
Defense Defense Time % Phy DF OF
1 Luke Schenn Dmitry Kulikov 60 1 2 2
2 Patrik Nemeth Matt Delahey 40 1 2 2
Penalty Kill - 3 Players Forward
Forward Time % Phy DF OF
1 Milan Lucic 60 1 2 2
2 Sean Couturier 40 1 2 2
Penalty Kill - 3 Players Defense
Defense Defense Time % Phy DF OF
1 Luke Schenn Dmitry Kulikov 60 1 2 2
2 Patrik Nemeth Matt Delahey 40 1 2 2
4 vs 4 Forward
Center Wing Time % Phy DF OF
1 Milan Lucic Sean Couturier 60 1 2 2
2 Patrice Bergeron Tomas Hertl 40 1 2 2
4 vs 4 Defense
Defense Defense Time % Phy DF OF
1 Luke Schenn Dmitry Kulikov 60 1 2 2
2 Patrik Nemeth Matt Delahey 40 1 2 2
Last Minutes Offensive
Center Left Wing Right Wing Defense Defense
Sean Couturier Milan Lucic Ryan Strome Luke Schenn Dmitry Kulikov
Last Minutes Defensive
Center Left Wing Right Wing Defense Defense
Sean Couturier Milan Lucic Ryan Strome Luke Schenn Dmitry Kulikov
Goaltenders
Starting : Frederik Andersen
Backup : Harru Sateri
Extra Forwards
Normal : Devante Smith-Pelly, Richard Panik, T.J Galiardi - PP : Devante Smith-Pelly, Richard Panik - PK : T.J Galiardi
Extra Defensemen
Normal : Morgan Ellis, Jonas Brodin, Patrik Nemeth - PP : Morgan Ellis - PK : Jonas Brodin, Patrik Nemeth
Penalty Shots
Milan Lucic, Sean Couturier, Patrice Bergeron, Tomas Hertl, Ryan Strome
Scratches
Brett Ponich (Healthy), Jake Paterson (Healthy)
Panthers
5 vs 5 Forward
Center Left Wing Right Wing Time % Phy DF OF
1 Matt Duchene Alex Galchenyuk David Pastrnak 40 1 2 2
2 Ryan Nugent-Hopkins Sean Bergenheim Jakob Silfverberg 30 1 2 2
3 Max Reinhart Tobias Rieder Drew Stafford 20 1 2 2
4 Daultan Leveillé Dany Heatley Luke Glendening 10 1 2 2
5 vs 5 Defense
Defense Defense Time % Phy DF OF
1 Erik Gudbranson Danny DeKeiser 40 1 2 2
2 Ladislav Smid Taylor Chorney 30 1 2 2
3 Jonathan Sigalet Ryan Suter 20 1 2 2
4 Erik Gudbranson Danny DeKeiser 10 1 2 2
PowerPlay Forward
Center Left Wing Right Wing Time % Phy DF OF
1 Matt Duchene Alex Galchenyuk David Pastrnak 60 0 1 4
2 Ryan Nugent-Hopkins Sean Bergenheim Jakob Silfverberg 40 0 1 4
PowerPlay Defense
Defense Defense Time % Phy DF OF
1 Erik Gudbranson Danny DeKeiser 60 0 2 3
2 Ladislav Smid Taylor Chorney 40 0 2 3
Penalty Kill 4 Players Forward
Center Wing Time % Phy DF OF
1 Max Reinhart Luke Glendening 60 0 4 1
2 Daultan Leveillé Sean Bergenheim 40 0 4 1
Penalty Kill 4 Players Defense
Defense Defense Time % Phy DF OF
1 Erik Gudbranson Ladislav Smid 60 1 4 0
2 Danny DeKeiser Taylor Chorney 40 1 4 0
Penalty Kill - 3 Players Forward
Forward Time % Phy DF OF
1 Luke Glendening 60 0 4 1
2 Sean Bergenheim 40 0 4 1
Penalty Kill - 3 Players Defense
Defense Defense Time % Phy DF OF
1 Erik Gudbranson Ladislav Smid 60 1 4 0
2 Danny DeKeiser Taylor Chorney 40 1 4 0
4 vs 4 Forward
Center Wing Time % Phy DF OF
1 Matt Duchene Alex Galchenyuk 60 1 2 2
2 Ryan Nugent-Hopkins Jakob Silfverberg 40 1 2 2
4 vs 4 Defense
Defense Defense Time % Phy DF OF
1 Erik Gudbranson Danny DeKeiser 60 1 2 2
2 Ladislav Smid Taylor Chorney 40 1 2 2
Last Minutes Offensive
Center Left Wing Right Wing Defense Defense
Matt Duchene Alex Galchenyuk David Pastrnak Erik Gudbranson Danny DeKeiser
Last Minutes Defensive
Center Left Wing Right Wing Defense Defense
Max Reinhart Sean Bergenheim Luke Glendening Erik Gudbranson Ladislav Smid
Goaltenders
Starting : Petr Mrazek
Backup : Tyler Weiman
Extra Forwards
Normal : Jakob Silfverberg, Alex Galchenyuk, David Pastrnak - PP : Jakob Silfverberg, Alex Galchenyuk - PK : Matt Duchene
Extra Defensemen
Normal : Ladislav Smid, Erik Gudbranson, Taylor Chorney - PP : Jonathan Sigalet - PK : Danny DeKeiser, Erik Gudbranson
Penalty Shots
Alex Galchenyuk, Jakob Silfverberg, David Pastrnak, Drew Stafford, Matt Duchene
Scratches
None
% Time on Ice - Rangers
Lines # - Real PCT - Wanted PCT - Time Play
Normal Forward
1 - 33% - 40% - 13:03
2 - 29% - 30% - 11:22
3 - 24% - 20% - 9:21
4 - 14% - 10% - 5:35
Normal Defense
1 - 43% - 40% - 16:51
2 - 33% - 30% - 12:54
3 - 22% - 20% - 8:49
4 - 2% - 10% - 0:47
PP Forward
1 - 48% - 60% - 4:36
2 - 52% - 40% - 5:05
PP Defense
1 - 62% - 60% - 6:02
2 - 38% - 40% - 3:39
PK Forward
1 - 79% - 60% - 8:11
2 - 21% - 40% - 2:12
PK Defense
1 - 65% - 60% - 6:44
2 - 35% - 40% - 3:39
PK3 Forward
1 - 68% - 60% - 1:02
2 - 32% - 40% - 0:29
PK3 Defense
1 - 64% - 60% - 0:58
2 - 36% - 40% - 0:33
44 Forward
1 - 76% - 60% - 2:38
2 - 24% - 40% - 0:51
44 Defense
1 - 47% - 60% - 1:38
2 - 53% - 40% - 1:51
Last Minute Offensive - 0:00
Last Minute Defensive - 0:35
Total
Forward - 65:00
Defense - 65:00
|
% Time on Ice - Panthers
Lines # - Real PCT - Wanted PCT - Time Play
Normal Forward
1 - 34% - 40% - 13:22
2 - 28% - 30% - 11:00
3 - 22% - 20% - 8:38
4 - 16% - 10% - 6:30
Normal Defense
1 - 40% - 40% - 15:45
2 - 34% - 30% - 13:20
3 - 24% - 20% - 9:28
4 - 2% - 10% - 0:57
PP Forward
1 - 56% - 60% - 5:46
2 - 44% - 40% - 4:37
PP Defense
1 - 64% - 60% - 6:38
2 - 36% - 40% - 3:45
PK Forward
1 - 69% - 60% - 6:38
2 - 31% - 40% - 3:03
PK Defense
1 - 46% - 60% - 4:30
2 - 54% - 40% - 5:11
PK3 Forward
1 - 0% - 60%
2 - 0% - 40%
PK3 Defense
1 - 0% - 60%
2 - 0% - 40%
44 Forward
1 - 82% - 60% - 4:07
2 - 18% - 40% - 0:53
44 Defense
1 - 57% - 60% - 2:52
2 - 43% - 40% - 2:08
Last Minute Offensive - 0:26
Last Minute Defensive - 0:00
Total
Forward - 65:00
Defense - 65:00
|
Play-by-Play
1st period
0:01 of 1st period - Matt Duchene wins face-off versus Sean Couturier in neutral zone.
0:17 of 1st period - Off-side.
0:18 of 1st period - Patrice Bergeron wins face-off versus Ryan Nugent-Hopkins in neutral zone.
0:22 of 1st period - Minor Penalty to Jakob Silfverberg for Hooking.
0:23 of 1st period - Max Reinhart wins face-off versus Sean Couturier in Panthers zone.
0:28 of 1st period - Slapshot by Erik Gudbranson.
0:28 of 1st period - Shot Blocked by Luke Schenn.
0:50 of 1st period - Sean Bergenheim is hit by Steve Quailer.
0:55 of 1st period - Icing by Steve Quailer.
0:56 of 1st period - Max Reinhart wins face-off versus Patrice Bergeron in Rangers zone.
2:05 of 1st period - Snap shot by Chris Bourque.
2:05 of 1st period - Shot Misses the Net.
2:07 of 1st period - Wrist shot by Patrice Bergeron.
2:07 of 1st period - Goal by Patrice Bergeron - Rangers : 1 - Panthers : 0.
2:08 of 1st period - Sean Couturier wins face-off versus Sean Bergenheim in neutral zone.
2:15 of 1st period - Wrist shot by Jakob Silfverberg.
2:15 of 1st period - Shot Misses the Net.
2:33 of 1st period - Patrik Nemeth is hit by Ryan Suter and loses puck.
3:34 of 1st period - Minor Penalty to Sean Couturier for Roughing.
3:35 of 1st period - Milan Lucic wins face-off versus Matt Duchene in Rangers zone.
3:40 of 1st period - Wrist shot by Milan Lucic.
3:40 of 1st period - Shot Blocked by Danny DeKeiser.
3:42 of 1st period - Snap shot by T.J Galiardi.
3:42 of 1st period - Stopped by Petr Mrazek with a rebound.
3:44 of 1st period - Snap shot by Luke Schenn.
3:44 of 1st period - Stopped by Petr Mrazek with a rebound.
3:46 of 1st period - Snap shot by Milan Lucic.
3:46 of 1st period - Stopped by Petr Mrazek with a rebound.
3:48 of 1st period - Wrist shot by Milan Lucic.
3:48 of 1st period - Shot Blocked by Danny DeKeiser.
3:50 of 1st period - Snap shot by T.J Galiardi.
3:50 of 1st period - Stopped by Petr Mrazek with a rebound.
4:00 of 1st period - Milan Lucic is hit by Ryan Nugent-Hopkins and loses puck.
4:09 of 1st period - Backhand shot by Ryan Nugent-Hopkins.
4:09 of 1st period - Shot Blocked by Luke Schenn.
4:11 of 1st period - Slapshot by Danny DeKeiser.
4:11 of 1st period - Shot Misses the Net.
4:13 of 1st period - Slapshot by Erik Gudbranson.
4:13 of 1st period - Stopped by Frederik Andersen without a rebound.
4:14 of 1st period - Patrice Bergeron wins face-off versus Matt Duchene in Rangers zone.
4:25 of 1st period - Slapshot by Matt Duchene.
4:25 of 1st period - Shot Misses the Net.
4:27 of 1st period - Wrist shot by Alex Galchenyuk.
4:27 of 1st period - Stopped by Frederik Andersen with a rebound.
4:29 of 1st period - Slapshot by Taylor Chorney.
4:29 of 1st period - Shot Blocked by Milan Lucic.
4:40 of 1st period - Icing by Sean Bergenheim.
4:41 of 1st period - Patrice Bergeron wins face-off versus Ryan Nugent-Hopkins in Panthers zone.
4:50 of 1st period - Backhand shot by Patrice Bergeron.
4:50 of 1st period - Stopped by Petr Mrazek with a rebound.
5:08 of 1st period - Snap shot by Milan Lucic.
5:08 of 1st period - Shot Misses the Net.
5:34 of 1st period - Penalty to Sean Couturier is over, Sean Couturier is back on ice.
5:34 of 1st period - Wrist shot by Ryan Nugent-Hopkins.
5:34 of 1st period - Deflect By Sean Bergenheim.
5:34 of 1st period - Stopped by Frederik Andersen without a rebound.
5:35 of 1st period - Patrice Bergeron wins face-off versus Matt Duchene in Rangers zone.
5:40 of 1st period - Slapshot by Luke Schenn.
5:40 of 1st period - Stopped by Petr Mrazek without a rebound.
5:41 of 1st period - Patrice Bergeron wins face-off versus Matt Duchene in Panthers zone.
5:56 of 1st period - Wrist shot by Matt Duchene.
5:56 of 1st period - Shot Misses the Net.
5:58 of 1st period - Wrist shot by Danny DeKeiser.
5:58 of 1st period - Shot Misses the Net.
6:04 of 1st period - Minor Penalty to Patrice Bergeron for Roughing.
6:05 of 1st period - Milan Lucic wins face-off versus Alex Galchenyuk in Rangers zone.
6:21 of 1st period - Wrist shot by Milan Lucic.
6:21 of 1st period - Stopped by Petr Mrazek with a rebound.
6:39 of 1st period - Snap shot by Tomas Hertl.
6:39 of 1st period - Shot Blocked by Danny DeKeiser.
6:59 of 1st period - Patrik Nemeth is hit by David Pastrnak and loses puck.
7:09 of 1st period - Off-side.
7:10 of 1st period - Ryan Nugent-Hopkins wins face-off versus T.J Galiardi in neutral zone.
7:31 of 1st period - Slapshot by Matt Duchene.
7:31 of 1st period - Stopped by Frederik Andersen without a rebound.
7:32 of 1st period - Matt Duchene wins face-off versus Milan Lucic in Rangers zone.
7:37 of 1st period - Snap shot by Alex Galchenyuk.
7:37 of 1st period - Deflect By Matt Duchene.
7:37 of 1st period - Shot Misses the Net.
7:37 of 1st period - Puck is out of play.
7:38 of 1st period - Milan Lucic wins face-off versus Matt Duchene in Rangers zone.
8:04 of 1st period - Penalty to Patrice Bergeron is over, Patrice Bergeron is back on ice.
8:08 of 1st period - Off-side.
8:09 of 1st period - Ryan Nugent-Hopkins wins face-off versus Sean Couturier in neutral zone.
8:12 of 1st period - Patrik Nemeth is hit by Ryan Nugent-Hopkins and loses puck.
8:19 of 1st period - Slapshot by Sean Bergenheim.
8:19 of 1st period - Goal by Sean Bergenheim - Rangers : 1 - Panthers : 1.
8:20 of 1st period - Matt Duchene wins face-off versus Sean Couturier in neutral zone.
8:31 of 1st period - Snap shot by Alex Galchenyuk.
8:31 of 1st period - Shot Blocked by Dmitry Kulikov.
8:33 of 1st period - Slapshot by Taylor Chorney.
8:33 of 1st period - Shot Misses the Net.
8:35 of 1st period - Backhand shot by Matt Duchene.
8:35 of 1st period - Shot Misses the Net.
8:37 of 1st period - Snap shot by Taylor Chorney.
8:37 of 1st period - Shot Misses the Net.
8:49 of 1st period - Wrist shot by Patrice Bergeron.
8:49 of 1st period - Stopped by Petr Mrazek with a rebound.
8:51 of 1st period - Slapshot by Dmitry Kulikov.
8:51 of 1st period - Deflect By Sean Bergenheim.
8:51 of 1st period - Stopped by Petr Mrazek without a rebound.
8:52 of 1st period - Ryan Nugent-Hopkins wins face-off versus Patrice Bergeron in Panthers zone.
8:57 of 1st period - Slapshot by Erik Gudbranson.
8:57 of 1st period - Shot Misses the Net.
9:41 of 1st period - Snap shot by Patrice Bergeron.
9:41 of 1st period - Deflect By Chris Bourque.
9:41 of 1st period - Shot Misses the Net.
9:41 of 1st period - Puck is out of play.
9:42 of 1st period - Matt Duchene wins face-off versus Sean Couturier in Panthers zone.
9:58 of 1st period - Taylor Chorney is hit by Sean Couturier.
10:58 of 1st period - Snap shot by Milan Lucic.
10:58 of 1st period - Deflect By Ryan Strome.
10:58 of 1st period - Stopped by Petr Mrazek with a rebound.
11:00 of 1st period - Minor Penalty to Erik Gudbranson for Tripping.
11:01 of 1st period - Max Reinhart wins face-off versus Sean Couturier in Panthers zone.
11:01 of 1st period - Max Reinhart is hit by Luke Schenn.
11:28 of 1st period - Icing by Patrice Bergeron.
11:29 of 1st period - Max Reinhart wins face-off versus Patrice Bergeron in Rangers zone.
13:00 of 1st period - Penalty to Erik Gudbranson is over, Erik Gudbranson is back on ice.
13:20 of 1st period - Slapshot by Magnus Paajarvi.
13:20 of 1st period - Shot Blocked by Alex Galchenyuk.
13:50 of 1st period - Wrist shot by Alex Galchenyuk.
13:50 of 1st period - Stopped by Frederik Andersen with a rebound.
14:08 of 1st period - Snap shot by Ryan Nugent-Hopkins.
14:08 of 1st period - Stopped by Frederik Andersen without a rebound.
14:09 of 1st period - Ryan Nugent-Hopkins wins face-off versus Sean Couturier in Rangers zone.
15:23 of 1st period - Wrist shot by Ryan Nugent-Hopkins.
15:23 of 1st period - Stopped by Frederik Andersen without a rebound.
15:24 of 1st period - Sean Couturier wins face-off versus Ryan Nugent-Hopkins in Rangers zone.
15:39 of 1st period - Slapshot by Sean Couturier.
15:39 of 1st period - Shot Misses the Net.
16:01 of 1st period - Steve Quailer is hit by Max Reinhart and loses puck.
16:42 of 1st period - Snap shot by Magnus Paajarvi.
16:42 of 1st period - Stopped by Petr Mrazek with a rebound.
16:44 of 1st period - Snap shot by Jonas Brodin.
16:44 of 1st period - Stopped by Petr Mrazek with a rebound.
16:46 of 1st period - Snap shot by Richard Panik.
16:46 of 1st period - Deflect By Artem Anisimov.
16:46 of 1st period - Goal by Artem Anisimov - Rangers : 2 - Panthers : 1.
16:47 of 1st period - Sean Couturier wins face-off versus Matt Duchene in neutral zone.
17:03 of 1st period - Icing by Alex Galchenyuk.
17:04 of 1st period - Patrice Bergeron wins face-off versus Matt Duchene in Panthers zone.
18:00 of 1st period - Snap shot by David Pastrnak.
18:00 of 1st period - Stopped by Frederik Andersen with a rebound.
18:02 of 1st period - Slapshot by Ladislav Smid.
18:02 of 1st period - Stopped by Frederik Andersen with a rebound.
18:04 of 1st period - Wrist shot by Alex Galchenyuk.
18:04 of 1st period - Stopped by Frederik Andersen without a rebound.
18:05 of 1st period - Ryan Nugent-Hopkins wins face-off versus Sean Couturier in Rangers zone.
18:46 of 1st period - Snap shot by Drew Stafford.
18:46 of 1st period - Stopped by Frederik Andersen with a rebound.
18:48 of 1st period - Wrist shot by Max Reinhart.
18:48 of 1st period - Stopped by Frederik Andersen with a rebound.
19:34 of 1st period - Snap shot by Drew Stafford.
19:34 of 1st period - Stopped by Frederik Andersen without a rebound.
19:35 of 1st period - Tomas Hertl wins face-off versus Max Reinhart in Rangers zone.
19:40 of 1st period - Max Reinhart is hit by Devante Smith-Pelly and loses puck.
Goals for this period are 2 for Rangers vs 1 for Panthers.
Shots for this period are 14 for Rangers vs 14 for Panthers.
2nd period
0:01 of 2nd period - Sean Couturier wins face-off versus Matt Duchene in neutral zone.
0:06 of 2nd period - Slapshot by Ryan Strome.
0:06 of 2nd period - Shot Misses the Net.
0:10 of 2nd period - Wrist shot by Milan Lucic.
0:10 of 2nd period - Stopped by Petr Mrazek with a rebound.
0:12 of 2nd period - Wrist shot by Sean Couturier.
0:12 of 2nd period - Deflect By Alex Galchenyuk.
0:12 of 2nd period - Goal by Sean Couturier - Rangers : 3 - Panthers : 1.
0:13 of 2nd period - Sean Couturier wins face-off versus Matt Duchene in neutral zone.
0:15 of 2nd period - Off-side.
0:16 of 2nd period - Matt Duchene wins face-off versus Ryan Strome in neutral zone.
0:25 of 2nd period - Slapshot by Alex Galchenyuk.
0:25 of 2nd period - Deflect By Matt Duchene.
0:25 of 2nd period - Stopped by Frederik Andersen without a rebound.
0:26 of 2nd period - Sean Couturier wins face-off versus Matt Duchene in Rangers zone.
0:41 of 2nd period - Wrist shot by Alex Galchenyuk.
0:41 of 2nd period - Stopped by Frederik Andersen with a rebound.
0:43 of 2nd period - Slapshot by Erik Gudbranson.
0:43 of 2nd period - Goal by Erik Gudbranson - Rangers : 3 - Panthers : 2.
0:44 of 2nd period - Sean Couturier wins face-off versus David Pastrnak in neutral zone.
1:34 of 2nd period - Slapshot by Erik Gudbranson.
1:34 of 2nd period - Shot Misses the Net.
1:36 of 2nd period - Wrist shot by Drew Stafford.
1:36 of 2nd period - Shot Misses the Net.
1:38 of 2nd period - Slapshot by Erik Gudbranson.
1:38 of 2nd period - Shot Misses the Net.
2:20 of 2nd period - Snap shot by Matt Duchene.
2:20 of 2nd period - Shot Misses the Net.
2:22 of 2nd period - Slapshot by Erik Gudbranson.
2:22 of 2nd period - Shot Misses the Net.
2:44 of 2nd period - Backhand shot by Patrice Bergeron.
2:44 of 2nd period - Stopped by Petr Mrazek with a rebound.
2:50 of 2nd period - Chris Bourque is hit by Sean Bergenheim and loses puck.
3:01 of 2nd period - Snap shot by Tobias Rieder.
3:01 of 2nd period - Stopped by Frederik Andersen without a rebound.
3:02 of 2nd period - Sean Couturier wins face-off versus Max Reinhart in Rangers zone.
3:07 of 2nd period - Taylor Chorney is hit by Milan Lucic and loses puck.
3:41 of 2nd period - Off-side.
3:42 of 2nd period - Matt Duchene wins face-off versus Sean Couturier in neutral zone.
3:53 of 2nd period - Snap shot by Matt Duchene.
3:53 of 2nd period - Goal by Matt Duchene - Rangers : 3 - Panthers : 3.
3:54 of 2nd period - Sean Couturier wins face-off versus Matt Duchene in neutral zone.
4:25 of 2nd period - Snap shot by Ryan Nugent-Hopkins.
4:25 of 2nd period - Shot Blocked by Luke Schenn.
4:27 of 2nd period - Slapshot by Sean Bergenheim.
4:27 of 2nd period - Stopped by Frederik Andersen with a rebound.
4:29 of 2nd period - Snap shot by Sean Bergenheim.
4:29 of 2nd period - Stopped by Frederik Andersen with a rebound.
4:31 of 2nd period - Snap shot by Sean Bergenheim.
4:31 of 2nd period - Shot Misses the Net.
4:45 of 2nd period - Wrist shot by Chris Bourque.
4:45 of 2nd period - Stopped by Petr Mrazek with a rebound.
5:18 of 2nd period - Slapshot by Matt Duchene.
5:18 of 2nd period - Shot Blocked by Dmitry Kulikov.
5:46 of 2nd period - Snap shot by Tomas Hertl.
5:46 of 2nd period - Stopped by Petr Mrazek with a rebound.
5:48 of 2nd period - Wrist shot by Tomas Hertl.
5:48 of 2nd period - Stopped by Petr Mrazek with a rebound.
5:50 of 2nd period - Slapshot by Luke Schenn.
5:50 of 2nd period - Shot Hit the Post.
5:54 of 2nd period - Slapshot by Tomas Hertl.
5:54 of 2nd period - Stopped by Petr Mrazek with a rebound.
5:56 of 2nd period - Snap shot by T.J Galiardi.
5:56 of 2nd period - Stopped by Petr Mrazek without a rebound.
5:57 of 2nd period - Sean Couturier wins face-off versus Matt Duchene in Panthers zone.
7:08 of 2nd period - Drew Stafford is hit by Sean Couturier and loses puck.
7:53 of 2nd period - Off-side.
7:54 of 2nd period - Daultan Leveillé wins face-off versus Steve Quailer in neutral zone.
8:09 of 2nd period - Luke Glendening is hit by Chris Bourque and loses puck.
8:40 of 2nd period - Slapshot by Erik Gudbranson.
8:40 of 2nd period - Stopped by Frederik Andersen without a rebound.
8:41 of 2nd period - Matt Duchene wins face-off versus Sean Couturier in Rangers zone.
9:09 of 2nd period - Wrist shot by Jakob Silfverberg.
9:09 of 2nd period - Shot Hit the Post.
9:21 of 2nd period - Slapshot by Ryan Nugent-Hopkins.
9:21 of 2nd period - Stopped by Frederik Andersen without a rebound.
9:22 of 2nd period - Sean Couturier wins face-off versus Max Reinhart in Rangers zone.
9:22 of 2nd period - Sean Couturier is hit by Tobias Rieder.
9:38 of 2nd period - Snap shot by Sean Couturier.
9:38 of 2nd period - Stopped by Petr Mrazek with a rebound.
9:50 of 2nd period - Snap shot by Patrice Bergeron.
9:50 of 2nd period - Shot Misses the Net.
10:02 of 2nd period - Slapshot by Jonathan Sigalet.
10:02 of 2nd period - Shot Blocked by Matt Delahey.
10:15 of 2nd period - Off-side.
10:16 of 2nd period - Tomas Hertl wins face-off versus Ryan Nugent-Hopkins in neutral zone.
10:24 of 2nd period - Wrist shot by Jakob Silfverberg.
10:24 of 2nd period - Goal by Jakob Silfverberg - Rangers : 3 - Panthers : 4.
10:25 of 2nd period - Sean Couturier wins face-off versus Matt Duchene in neutral zone.
10:30 of 2nd period - Snap shot by Milan Lucic.
10:30 of 2nd period - Stopped by Petr Mrazek with a rebound.
10:49 of 2nd period - Icing by Luke Schenn.
10:50 of 2nd period - Tomas Hertl wins face-off versus Ryan Nugent-Hopkins in Rangers zone.
11:06 of 2nd period - Off-side.
11:07 of 2nd period - Sean Couturier wins face-off versus Matt Duchene in neutral zone.
11:22 of 2nd period - Snap shot by Milan Lucic.
11:22 of 2nd period - Shot Misses the Net.
11:45 of 2nd period - Wrist shot by Jakob Silfverberg.
11:45 of 2nd period - Shot Misses the Net.
11:55 of 2nd period - Slapshot by Drew Stafford.
11:55 of 2nd period - Deflect By Max Reinhart.
11:55 of 2nd period - Stopped by Frederik Andersen with a rebound.
12:47 of 2nd period - Snap shot by Artem Anisimov.
12:47 of 2nd period - Shot Misses the Net.
13:23 of 2nd period - Devante Smith-Pelly is hit by Max Reinhart.
13:24 of 2nd period - Icing by Devante Smith-Pelly.
13:25 of 2nd period - Tomas Hertl wins face-off versus Max Reinhart in Rangers zone.
13:41 of 2nd period - Minor Penalty to Matt Delahey for Diving.
13:42 of 2nd period - Matt Duchene wins face-off versus Milan Lucic in Rangers zone.
14:21 of 2nd period - Off-side.
14:22 of 2nd period - Patrice Bergeron wins face-off versus Matt Duchene in neutral zone.
14:25 of 2nd period - Snap shot by Patrik Nemeth.
14:25 of 2nd period - Shot Blocked by Taylor Chorney.
14:35 of 2nd period - Wrist shot by Matt Duchene.
14:35 of 2nd period - Shot Blocked by Tomas Hertl.
14:37 of 2nd period - Snap shot by Matt Duchene.
14:37 of 2nd period - Deflect By Alex Galchenyuk.
14:37 of 2nd period - Shot Misses the Net.
14:37 of 2nd period - Puck is out of play.
14:38 of 2nd period - Milan Lucic wins face-off versus Matt Duchene in Rangers zone.
14:43 of 2nd period - Snap shot by Luke Schenn.
14:43 of 2nd period - Deflect By Milan Lucic.
14:43 of 2nd period - Shot Blocked by Erik Gudbranson.
14:43 of 2nd period - Puck is out of play.
14:44 of 2nd period - Milan Lucic wins face-off versus Matt Duchene in Panthers zone.
14:45 of 2nd period - Slapshot by Sean Couturier.
14:45 of 2nd period - Stopped by Petr Mrazek with a rebound.
15:00 of 2nd period - Snap shot by Matt Duchene.
15:00 of 2nd period - Stopped by Frederik Andersen without a rebound.
15:01 of 2nd period - Matt Duchene wins face-off versus Milan Lucic in Rangers zone.
15:32 of 2nd period - Snap shot by Erik Gudbranson.
15:32 of 2nd period - Shot Misses the Net.
15:41 of 2nd period - Penalty to Matt Delahey is over, Matt Delahey is back on ice.
15:50 of 2nd period - Slapshot by Luke Glendening.
15:50 of 2nd period - Shot Misses the Net.
15:52 of 2nd period - Snap shot by Dany Heatley.
15:52 of 2nd period - Shot Misses the Net.
15:54 of 2nd period - Wrist shot by Daultan Leveillé.
15:54 of 2nd period - Shot Misses the Net.
15:56 of 2nd period - Slapshot by Taylor Chorney.
15:56 of 2nd period - Deflect By Patrik Nemeth.
15:56 of 2nd period - Stopped by Frederik Andersen without a rebound.
15:57 of 2nd period - Daultan Leveillé wins face-off versus Patrice Bergeron in Rangers zone.
16:06 of 2nd period - Luke Glendening is hit by Steve Quailer and loses puck.
16:19 of 2nd period - Minor Penalty to Daultan Leveillé for Hooking.
16:20 of 2nd period - Sean Couturier wins face-off versus Max Reinhart in Panthers zone.
18:19 of 2nd period - Penalty to Daultan Leveillé is over, Daultan Leveillé is back on ice.
19:22 of 2nd period - Richard Panik is hit by Danny DeKeiser and loses puck.
19:33 of 2nd period - Ryan Strome is hit by Taylor Chorney and loses puck.
19:58 of 2nd period - Artem Anisimov is hit by Sean Bergenheim and loses puck.
Goals for this period are 1 for Rangers vs 3 for Panthers.
Shots for this period are 11 for Rangers vs 13 for Panthers.
3rd period
0:01 of 3rd period - Sean Couturier wins face-off versus David Pastrnak in neutral zone.
0:06 of 3rd period - Snap shot by Ryan Strome.
0:06 of 3rd period - Stopped by Petr Mrazek with a rebound.
1:09 of 3rd period - Wrist shot by Artem Anisimov.
1:09 of 3rd period - Stopped by Petr Mrazek with a rebound.
1:14 of 3rd period - Icing by David Pastrnak.
1:15 of 3rd period - Matt Duchene wins face-off versus Sean Couturier in Panthers zone.
1:15 of 3rd period - Matt Duchene is hit by Sean Couturier.
1:31 of 3rd period - Wrist shot by Matt Duchene.
1:31 of 3rd period - Shot Blocked by Patrik Nemeth.
1:55 of 3rd period - Snap shot by Steve Quailer.
1:55 of 3rd period - Stopped by Petr Mrazek with a rebound.
1:57 of 3rd period - Minor Penalty to Danny DeKeiser for Hooking.
1:58 of 3rd period - Max Reinhart wins face-off versus Sean Couturier in Panthers zone.
3:07 of 3rd period - Luke Schenn is hit by Taylor Chorney and loses puck.
3:37 of 3rd period - Jonathan Sigalet is hit by Patrik Nemeth and loses puck.
3:57 of 3rd period - Penalty to Danny DeKeiser is over, Danny DeKeiser is back on ice.
4:46 of 3rd period - Snap shot by Artem Anisimov.
4:46 of 3rd period - Stopped by Petr Mrazek with a rebound.
4:48 of 3rd period - Slapshot by Magnus Paajarvi.
4:48 of 3rd period - Goal by Magnus Paajarvi - Rangers : 4 - Panthers : 4.
4:49 of 3rd period - Matt Duchene wins face-off versus Sean Couturier in neutral zone.
5:23 of 3rd period - Patrice Bergeron is hit by Sean Bergenheim and loses puck.
5:36 of 3rd period - Snap shot by Devante Smith-Pelly.
5:36 of 3rd period - Shot Misses the Net.
5:58 of 3rd period - Icing by Jonathan Sigalet.
5:59 of 3rd period - Sean Couturier wins face-off versus Daultan Leveillé in Panthers zone.
6:02 of 3rd period - Slapshot by Ryan Strome.
6:02 of 3rd period - Shot Blocked by Daultan Leveillé.
6:14 of 3rd period - Milan Lucic is hit by Taylor Chorney.
6:28 of 3rd period - Slapshot by Patrice Bergeron.
6:28 of 3rd period - Shot Misses the Net.
6:30 of 3rd period - Slapshot by Patrice Bergeron.
6:30 of 3rd period - Goal by Patrice Bergeron - Rangers : 5 - Panthers : 4.
6:31 of 3rd period - Matt Duchene wins face-off versus Sean Couturier in neutral zone.
6:46 of 3rd period - Luke Schenn is hit by David Pastrnak and loses puck.
6:57 of 3rd period - Ryan Nugent-Hopkins is hit by Chris Bourque and loses puck.
7:06 of 3rd period - Wrist shot by Steve Quailer.
7:06 of 3rd period - Shot Misses the Net.
7:08 of 3rd period - Slapshot by Luke Schenn.
7:08 of 3rd period - Deflect By Steve Quailer.
7:08 of 3rd period - Stopped by Petr Mrazek with a rebound.
7:19 of 3rd period - Off-side.
7:20 of 3rd period - Max Reinhart wins face-off versus Tomas Hertl in neutral zone.
7:29 of 3rd period - Slapshot by Patrik Nemeth.
7:29 of 3rd period - Stopped by Petr Mrazek without a rebound.
7:30 of 3rd period - Matt Duchene wins face-off versus Milan Lucic in Panthers zone.
7:30 of 3rd period - Matt Duchene is hit by Dmitry Kulikov.
7:33 of 3rd period - Minor Penalty to Milan Lucic for Boarding.
7:34 of 3rd period - T.J Galiardi wins face-off versus Matt Duchene in Rangers zone.
7:51 of 3rd period - Snap shot by Matt Duchene.
7:51 of 3rd period - Shot Misses the Net.
8:19 of 3rd period - Slapshot by Patrik Nemeth.
8:19 of 3rd period - Stopped by Petr Mrazek with a rebound.
8:37 of 3rd period - Patrik Nemeth is hit by Taylor Chorney and loses puck.
9:11 of 3rd period - Icing by Ryan Nugent-Hopkins.
9:12 of 3rd period - Ryan Nugent-Hopkins wins face-off versus Artem Anisimov in Panthers zone.
9:31 of 3rd period - Matt Duchene is hit by Matt Delahey and loses puck.
9:33 of 3rd period - Penalty to Milan Lucic is over, Milan Lucic is back on ice.
9:35 of 3rd period - Minor Penalty to Milan Lucic for Hooking.
9:36 of 3rd period - Ryan Nugent-Hopkins wins face-off versus T.J Galiardi in Rangers zone.
10:14 of 3rd period - Slapshot by Danny DeKeiser.
10:14 of 3rd period - Deflect By Matt Duchene.
10:14 of 3rd period - Shot Misses the Net.
10:14 of 3rd period - Puck is out of play.
10:15 of 3rd period - Jakob Silfverberg wins face-off versus Artem Anisimov in Rangers zone.
10:52 of 3rd period - Wrist shot by David Pastrnak.
10:52 of 3rd period - Stopped by Frederik Andersen with a rebound.
11:35 of 3rd period - Penalty to Milan Lucic is over, Milan Lucic is back on ice.
11:45 of 3rd period - Wrist shot by Milan Lucic.
11:45 of 3rd period - Shot Misses the Net.
11:47 of 3rd period - Snap shot by Chris Bourque.
11:47 of 3rd period - Stopped by Petr Mrazek without a rebound.
11:48 of 3rd period - Max Reinhart wins face-off versus Tomas Hertl in Panthers zone.
12:13 of 3rd period - Morgan Ellis is hit by Sean Bergenheim and loses puck.
13:02 of 3rd period - Wrist shot by Dany Heatley.
13:02 of 3rd period - Deflect By Daultan Leveillé.
13:02 of 3rd period - Shot Hit the Post.
13:02 of 3rd period - Puck is out of play.
13:03 of 3rd period - Milan Lucic wins face-off versus Matt Duchene in Rangers zone.
13:33 of 3rd period - Slapshot by Max Reinhart.
13:33 of 3rd period - Shot Blocked by Dmitry Kulikov.
13:35 of 3rd period - Slapshot by Taylor Chorney.
13:35 of 3rd period - Shot Misses the Net.
13:41 of 3rd period - Snap shot by Max Reinhart.
13:41 of 3rd period - Stopped by Frederik Andersen with a rebound.
13:43 of 3rd period - Snap shot by Max Reinhart.
13:43 of 3rd period - Stopped by Frederik Andersen with a rebound.
14:00 of 3rd period - Minor Penalty to Ryan Nugent-Hopkins for Holding.
14:01 of 3rd period - Patrice Bergeron wins face-off versus Max Reinhart in Panthers zone.
14:02 of 3rd period - Slapshot by Chris Bourque.
14:02 of 3rd period - Stopped by Petr Mrazek with a rebound.
14:04 of 3rd period - Slapshot by Chris Bourque.
14:04 of 3rd period - Shot Blocked by Max Reinhart.
14:06 of 3rd period - Backhand shot by Patrik Nemeth.
14:06 of 3rd period - Stopped by Petr Mrazek without a rebound.
14:07 of 3rd period - Patrice Bergeron wins face-off versus Max Reinhart in Panthers zone.
15:00 of 3rd period - Icing by Dmitry Kulikov.
15:01 of 3rd period - Patrice Bergeron wins face-off versus Max Reinhart in Rangers zone.
16:00 of 3rd period - Penalty to Ryan Nugent-Hopkins is over, Ryan Nugent-Hopkins is back on ice.
16:18 of 3rd period - Snap shot by Ryan Nugent-Hopkins.
16:18 of 3rd period - Stopped by Frederik Andersen with a rebound.
17:14 of 3rd period - Ryan Strome is hit by Drew Stafford and loses puck.
17:21 of 3rd period - Snap shot by Drew Stafford.
17:21 of 3rd period - Shot Misses the Net.
17:41 of 3rd period - Tomas Hertl is hit by Daultan Leveillé and loses puck.
18:26 of 3rd period - Snap shot by Max Reinhart.
18:26 of 3rd period - Shot Blocked by Chris Bourque.
18:28 of 3rd period - Snap shot by Drew Stafford.
18:28 of 3rd period - Shot Misses the Net.
18:30 of 3rd period - Slapshot by Jonathan Sigalet.
18:30 of 3rd period - Shot Misses the Net.
18:53 of 3rd period - Icing by Jonathan Sigalet.
18:54 of 3rd period - Ryan Nugent-Hopkins wins face-off versus Sean Couturier in Panthers zone.
18:54 of 3rd period - Ryan Nugent-Hopkins is hit by Jonas Brodin.
19:00 of 3rd period - Panthers, Petr Mrazek is pulled from the net.
19:00 of 3rd period - Snap shot by Sean Bergenheim.
19:00 of 3rd period - Shot Misses the Net.
19:02 of 3rd period - Wrist shot by Ryan Nugent-Hopkins.
19:02 of 3rd period - Deflect By Jakob Silfverberg.
19:02 of 3rd period - Shot Misses the Net.
19:02 of 3rd period - Puck is out of play.
19:03 of 3rd period - Alain Vigneault call a timeout for Panthers.
19:03 of 3rd period - Matt Duchene wins face-off versus Milan Lucic in Rangers zone.
19:28 of 3rd period - Wrist shot by Matt Duchene.
19:28 of 3rd period - Goal by Matt Duchene - Rangers : 5 - Panthers : 5.
19:28 of 3rd period - Petr Mrazek from Panthers was sent back in the game.
19:29 of 3rd period - Tomas Hertl wins face-off versus Drew Stafford in neutral zone.
19:31 of 3rd period - Minor Penalty to Devante Smith-Pelly for Interference.
19:32 of 3rd period - Milan Lucic wins face-off versus Matt Duchene in Rangers zone.
19:54 of 3rd period - Icing by Matt Duchene.
19:55 of 3rd period - Milan Lucic wins face-off versus Matt Duchene in Panthers zone.
Goals for this period are 2 for Rangers vs 1 for Panthers.
Shots for this period are 12 for Rangers vs 5 for Panthers.
Overtime #1
0:01 of 1st overtime period - Matt Duchene wins face-off versus Milan Lucic in neutral zone.
1:31 of 1st overtime period - Penalty to Devante Smith-Pelly is over, Devante Smith-Pelly is back on ice.
2:31 of 1st overtime period - Icing by Sean Bergenheim.
2:32 of 1st overtime period - Patrice Bergeron wins face-off versus Matt Duchene in Panthers zone.
3:11 of 1st overtime period - Danny DeKeiser is hit by Tomas Hertl and loses puck.
3:18 of 1st overtime period - Wrist shot by Tomas Hertl.
3:18 of 1st overtime period - Stopped by Petr Mrazek with a rebound.
3:54 of 1st overtime period - Danny DeKeiser is hit by Devante Smith-Pelly and loses puck.
4:26 of 1st overtime period - Snap shot by David Pastrnak.
4:26 of 1st overtime period - Stopped by Frederik Andersen with a rebound.
Goals for this period are 0 for Rangers vs 0 for Panthers.
Shots for this period are 1 for Rangers vs 1 for Panthers.
ShootOut
5:00 of 1st overtime period - Round #1.
5:00 of 1st overtime period - Rangers, Milan Lucic.
5:00 of 1st overtime period - Deke by Milan Lucic.
5:00 of 1st overtime period - Goal by Milan Lucic.
5:00 of 1st overtime period - Panthers, Alex Galchenyuk.
5:00 of 1st overtime period - Snap shot by Alex Galchenyuk.
5:00 of 1st overtime period - Shot Misses the Net.
5:00 of 1st overtime period - Round #2.
5:00 of 1st overtime period - Rangers, Sean Couturier.
5:00 of 1st overtime period - Snap shot by Sean Couturier.
5:00 of 1st overtime period - Stopped by Petr Mrazek.
5:00 of 1st overtime period - Panthers, Jakob Silfverberg.
5:00 of 1st overtime period - Deke by Jakob Silfverberg.
5:00 of 1st overtime period - Shot Misses the Net.
5:00 of 1st overtime period - Round #3.
5:00 of 1st overtime period - Rangers, Patrice Bergeron.
5:00 of 1st overtime period - Snap shot by Patrice Bergeron.
5:00 of 1st overtime period - Shot Misses the Net.
5:00 of 1st overtime period - Panthers, David Pastrnak.
5:00 of 1st overtime period - Snap shot by David Pastrnak.
5:00 of 1st overtime period - Goal by David Pastrnak.
5:00 of 1st overtime period - Round #4.
5:00 of 1st overtime period - Rangers, Tomas Hertl.
5:00 of 1st overtime period - Snap shot by Tomas Hertl.
5:00 of 1st overtime period - Stopped by Petr Mrazek.
5:00 of 1st overtime period - Panthers, Drew Stafford.
5:00 of 1st overtime period - Wrist shot by Drew Stafford.
5:00 of 1st overtime period - Shot Misses the Net.
5:00 of 1st overtime period - Round #5.
5:00 of 1st overtime period - Rangers, Ryan Strome.
5:00 of 1st overtime period - Deke by Ryan Strome.
5:00 of 1st overtime period - Stopped by Petr Mrazek.
5:00 of 1st overtime period - Panthers, Matt Duchene.
5:00 of 1st overtime period - Backhand shot by Matt Duchene.
5:00 of 1st overtime period - Stopped by Frederik Andersen.
5:00 of 1st overtime period - Round #6.
5:00 of 1st overtime period - Rangers, Steve Quailer.
5:00 of 1st overtime period - Deke by Steve Quailer.
5:00 of 1st overtime period - Goal by Steve Quailer.
5:00 of 1st overtime period - Panthers, Dany Heatley.
5:00 of 1st overtime period - Deke by Dany Heatley.
5:00 of 1st overtime period - Stopped by Frederik Andersen.
Output by the SimonT Hockey Simulator (STHS) for Francois Prevost